 Dungeon Crawl Stone Soup version 0.18.1-50-g88ac8fd (webtiles) character file.

127 Gorglomux the Vexing (level 4, -3/30 HPs)
             Began as a Vampire Enchanter on Oct 29, 2016.
             Slain by an adder (4 damage)
             ... on level 3 of the Dungeon.
             The game lasted 00:09:24 (1801 turns).

Gorglomux the Vexing (Vampire Enchanter)            Turns: 1801, Time: 00:09:25

Health: -3/30      AC:  3    Str:  7    XL:     4   Next: 85%
Magic:  1/7        EV: 18    Int: 18    God:
Gold:   77         SH:  0    Dex: 19    Spells: 3 memorised, 1 level left

rFire  . . .     SeeInvis +     p - -1 dagger (curse)
rCold  + + .     Gourm    .     b - +1 robe
rNeg   + + +     Faith    .     (no shield)
rPois  +         Spirit   .     (no helmet)
rElec  .         Dismiss  .     (no cloak)
rCorr  .         Reflect  .     (no gloves)
SustAt .         Harm     .     (no boots)
MR     .....                    (no amulet)
Stlth  +++++.....               (no ring)
                                (no ring)

@: agile, lethally poisoned (-3 -> -6), regenerating slowly, not resistant to
hostile enchantments, quite stealthy
A: fangs 3, see invisible, unbreathing
a: Bat Form


You were on level 3 of the Dungeon.
You were near bloodless.

You visited 1 branch of the dungeon, and saw 3 of its levels.

You collected 77 gold pieces.

Inventory:

Hand Weapons
 a - a +1 dagger
 p - a cursed -1 dagger (weapon)
Armour
 b - a +1 robe (worn)
Scrolls
 e - 2 scrolls of remove curse {unknown}
 f - a scroll of teleportation {unknown}
 h - a scroll of enchant weapon {unknown}
 i - 2 scrolls of identify {unknown}
Potions
 d - 4 potions of blood
 g - a potion of agility
 j - a potion of degeneration {unknown}
 k - a potion of heal wounds {unknown}
 l - a potion of brilliance {unknown}
 m - a potion of cancellation {unknown}
 n - a potion of curing {unknown}
Books
 c - a book of Maledictions

   Spells                             Type                      Level
   a - Corona                         Hexes                        1
   b - Ensorcelled Hibernation        Hexes/Ice                    2
   c - Confuse                        Hexes                        3
   d - Tukima's Dance                 Hexes                        3
   e - Dazzling Spray                 Conjuration/Hexes            3


   Skills:
 + Level 2.1 Short Blades
 - Level 2.1 Dodging
 + Level 5.3 Stealth
 - Level 2.0 Spellcasting
 - Level 6.1 Hexes
 - Level 2.2 Ice Magic


You had one spell level left.
You knew the following spells:

 Your Spells              Type           Power        Failure   Level  Hunger
a - Corona                Hex            ###....      1%          1    #......
b - Ensorcelled Hibernat  Hex/Ice        ###...       6%          2    ###....
c - Confuse               Hex            ###.....     4%          3    ###....


Dungeon Overview and Level Annotations

Branches:
Dungeon (3/15)

Altars:
Makhleb
Ru


Innate Abilities, Weirdness & Mutations

You heal slowly.
You have razor-sharp teeth.
You have supernaturally acute eyesight.
You can survive without breathing.


Message History

Aim: a kobold, wielding a short sword (chance to defeat MR: 89%)
The kobold is outlined in light.
You feel sick. The adder closely misses you.
The kobold hits you but does no damage.
You hit the kobold.
The kobold is heavily wounded.
The adder barely misses you. The kobold completely misses you.
You hit the kobold.
The kobold is severely wounded.
The adder bites you.
* * * LOW HITPOINT WARNING * * *
The kobold completely misses you.
You barely miss the kobold.
The kobold is severely wounded.
The adder bites you.
* * * LOW HITPOINT WARNING * * *
The adder barely misses you. The kobold barely misses you.
You hit the kobold but do no damage.
The kobold is heavily wounded.
The adder bites you.
You die...

####
#..#####
#..S...#
#@# #K#
#.##
#..#
##.#
#.##
#..#
##.# #.#
#####


You could see an adder and a kobold.

Vanquished Creatures
  2 gnolls (D:3)
  5 adders (D:2)
  2 oozes (D:1)
  A worm (D:2)
  5 dart slugs
  2 giant geckos
  13 bats
  2 giant cockroaches
  5 goblins
  4 hobgoblins
  A quokka (D:2)
  A ball python (D:2)
  A giant newt (D:1)
  3 rats
47 creatures vanquished.

Notes
Turn   | Place    | Note
--------------------------------------------------------------
     0 | D:1      | Gorglomux the Vampire Enchanter began the quest for the Orb.
     0 | D:1      | Reached XP level 1. HP: 13/13 MP: 3/3
    60 | D:1      | Reached skill level 5 in Hexes
    71 | D:1      | Reached XP level 2. HP: 11/19 MP: 5/5
   127 | D:1      | Learned a level 2 spell: Ensorcelled Hibernation
   306 | D:1      | Reached skill level 6 in Hexes
   486 | D:1      | Reached XP level 3. HP: 24/24 MP: 6/6
   493 | D:1      | Learned a level 3 spell: Confuse
   948 | D:1      | Reached skill level 1 in Ice Magic
  1235 | D:2      | Reached XP level 4. HP: 23/30 MP: 7/7
  1434 | D:2      | Found a sacrificial altar of Ru.
  1623 | D:2      | Found a burning altar of Makhleb.
  1729 | D:3      | Reached skill level 5 in Stealth
  1800 | D:3      | HP: 1/30 [adder (3)]
  1801 | D:3      | Slain by an adder

Skill      XL: |  1  2  3  4 |
---------------+-------------+-----
Hexes          | 5 6 |  6.1
Ice Magic      | 2 |  2.2
Short Blades   | 2 |  2.1
Stealth        | 5 |  5.3
Dodging        | |  2.1
Spellcasting   | |  2.0

Action                   |  1- 3 |  4- 6 || total
-------------------------+-------+-------++-------
Melee: Dagger            |    97 |    61 ||   158
       Bite              |     5 |     1 ||     6
Throw: Throwing net      |       |     1 ||     1
 Cast: Ensorcelled Hiber |     5 |    13 ||    18
       Corona            |     2 |     4 ||     6
       Confuse           |       |     2 ||     2
  Use: Potion            |       |     1 ||     1
 Stab: Sleeping          |    15 |     5 ||    20
       Held in net/web   |       |     1 ||     1
Armor: Robe              |    25 |     9 ||    34
Dodge: Dodged            |    62 |    40 ||   102
